 Dungeon Crawl Stone Soup version 0.19-a0-1337-g9bf5fb0 (webtiles) character file.

46 Ginkk the Bolt Thrower (level 3, -1/37 HPs)
             Began as an Ogre Hunter on Sept 1, 2016.
             Killed from afar by Sigmund (10 damage)
             ... with a puff of flame
             ... on level 4 of the Dungeon.
             The game lasted 00:08:41 (1046 turns).

Ginkk the Bolt Thrower (Ogre Hunter)                Turns: 1046, Time: 00:08:41

Health: -1/37      AC:  3    Str: 16 (17) XL:     3   Next: 68%
Magic:  3/3        EV: 10    Int:  8 (10) God:
Gold:   66         SH:  0    Dex:  8 (11) Spells: 0 memorised, 2 levels left

rFire  . . .     SeeInvis .     a - +1 hand crossbow
rCold  . . .     Gourm    .     c - +0 robe
rNeg   . . .     Faith    .     (no shield)
rPois  .         Spirit   .     (helmet restricted)
rElec  .         Dismiss  .     (no cloak)
rCorr  .         Reflect  .     (gloves unavailable)
MR     .....     Harm     .     (boots unavailable)
Stlth  +.........               (no amulet)
                                (no ring)
                                (no ring)

@: no status effects
A: unfitting armour, tough skin 1
a: no special abilities


You were on level 4 of the Dungeon.
You were not hungry.

You visited 1 branch of the dungeon, and saw 4 of its levels.

You collected 66 gold pieces.

Inventory:

Hand Weapons
 a - a +1 hand crossbow (weapon)
 b - a +0 short sword
 e - a +0 spear
 h - a +0 club
 o - a +0 club
 s - a +0 club
 t - a cursed +0 short sword
 u - a +0 dagger
 x - a +0 whip
 A - a +0 quarterstaff
Missiles
 d - 20 bolts (quivered)
 i - 41 stones
 n - 7 curare-tipped needles
 p - 9 poisoned needles
 y - 31 sling bullets
Armour
 c - a +0 robe (worn)
 k - a +0 buckler
 m - a +0 pair of boots
 q - a +0 leather armour
 r - a +0 leather armour
 v - a +2 pair of boots
 w - a +0 robe
Scrolls
 j - a scroll of immolation
Comestibles
 f - 2 bread rations
 g - a meat ration
 l - a beef jerky
 z - 2 chunks of flesh


   Skills:
 + Level 3.0 Fighting
 + Level 3.7 Crossbows
 + Level 2.0 Dodging
 + Level 0.8 Stealth


You had 2 spell levels left.
You didn't know any spells.

Dungeon Overview and Level Annotations

Branches:
Dungeon (4/15)
 Temple: D:4-7

Altars:

Annotations:
D:4 Pikel, Sigmund


Innate Abilities, Weirdness & Mutations

You are too large for most types of armour.
You have tough skin. (AC +1)


Message History

You are confused.
Firing (i - inventory. (,) - cycle):
d - 21 bolts (quivered)
Press: ? - help, Shift-Dir - straight line, f/p - Sigmund
Aim: Sigmund, wielding a scythe and wearing a robe You shoot a bolt.
The bolt hits Sigmund.
Sigmund is lightly wounded.
Sigmund hits you from afar with a scythe!
Sigmund hits you but does no damage. Sigmund gestures at you while chanting.
The magic dart hits you! Sigmund closely misses you.
You feel less confused. Sigmund hits you with a scythe.
Sigmund completely misses you.
Sigmund points at you and mumbles some strange words.
The puff of flame hits you!
* * * LOW HITPOINT WARNING * * *
Sigmund gestures at you while chanting. The puff of flame hits you!
You die...

.......# ...#.#.#
#......# #....#.#
### #....# #.. ..#
#..#.# #.# #.#
#..#.# #.#
##.####### #..#.#
##.## #........#
#..#.# ... #.@# #..#
#.# #..#
...######.#####..###
##.................#
#####....รท..##.####
#....(...@.#
#........#.#
#........###
#..........#


You could see Sigmund.

Vanquished Creatures
  2 adders
  A worm (D:2)
  A giant gecko (D:2)
  A bat (D:3)
  A goblin (D:2)
  3 hobgoblins
  9 jackals
  2 giant newts (D:2)
  A kobold (D:2)
  2 rats (D:2)
23 creatures vanquished.

Notes
Turn   | Place    | Note
-------+----------+-------------------------------------------
     0 | D:1      | Ginkk the Ogre Hunter began the quest for the Orb.
     0 | D:1      | Reached XP level 1. HP: 22/22 MP: 1/1
    82 | D:2      | Reached XP level 2. HP: 29/29 MP: 2/2
   275 | D:2      | Reached XP level 3. HP: 30/36 MP: 3/3
   734 | D:4      | Noticed Pikel
   734 | D:4      | Noticed a slave
   737 | D:4      | Noticed a slave
   738 | D:4      | Noticed a slave
   739 | D:4      | Noticed a slave
  1012 | D:4      | Noticed Sigmund
  1046 | D:4      | Killed from afar by Sigmund

Vault maps used:
D:1:      sevenhm_arrival_forest_fort_small_2
D:2:      first_bread
D:3:      uniq_terence
D:4:      lemuel_crystal_altar, kennysheep_generic_room_14, uniq_sigmund,
          uniq_pikel

Skill      XL: |  1  2  3 |
---------------+----------+-----
Crossbows      | 3 |  3.7
Dodging        | 2 |  2.0
Fighting       | 3 |  3.0
Stealth        | |  0.8

Action                   || total
-------------------------++-------
Melee: Hand crossbow     ||     1
 Fire: Hand crossbow     ||    64
  Use: Scroll            ||     5
       Potion            ||     2
Armor: Robe              ||     5
Dodge: Dodged            ||    36
